 Dungeon Crawl Stone Soup version 0.32-a0-995-gb4a59205af (webtiles) character file.

Game seed: 17611852494493808809

30 LadyBoffin the Sneak (level 3, -6/28 HPs)
             Began as a Naga Fire Elementalist on Apr 22, 2024.
             Mangled by a ribbon worm (8 damage)
             ... on level 2 of the Dungeon.
             The game lasted 00:00:54 (325 turns).

LadyBoffin the Sneak (Naga Fire Elementalist)        Turns: 325, Time: 00:00:54

Health: -6/28      AC:  2    Str: 10    XL:     3   Next: 20%
Magic:  1/6        EV:  9    Int: 17    God:
Gold:   26         SH:  0    Dex: 11    Spells: 5/6 levels left

rFire   . . .        (no weapon)
rCold   . . .        (no shield)
rNeg    . . .        a - +0 robe
rPois   +            (no helmet)
rElec   .            (no cloak)
rCorr   .            (no gloves)
SInv    +            (no barding)
Will    .....        (no amulet)
Stlth   ++           (no ring)
HPRegen 0.24/turn    (no ring)
MPRegen 0.10/turn

%: no passive effects
@: very slow
A: AC +1, large, see invisible, deformed body, poison resistance, slowness 2,
spit poison 1, naga tail 1
a: Spit Poison


You were on level 2 of the Dungeon.
You visited 1 branch of the dungeon, and saw 2 of its levels.

You collected 26 gold pieces.

Inventory:

Armour
 a - a +0 robe (worn)
Scrolls
 e - a scroll of identify {unknown}
Potions
 b - a potion of magic
 c - a potion of might {unknown}
 d - a potion of resistance {unknown}


   Skills:
 + Level 1.9 Dodging
 + Level 3.6 Stealth
 + Level 2.3 Spellcasting
 + Level 1.5 Conjurations
 + Level 3.2 Fire Magic


You had 5 spell levels left.
You knew the following spells:

 Your Spells              Type           Power      Damage    Failure   Level
a - Foxfire               Conj/Fire      40%        2x1d6     7%          1

Your spell library contained the following spells:

 Spells                   Type           Power      Damage    Failure   Level
 Scorch                   Fire           26%        2d6       8%          2
 Inner Flame              Hex/Fire       7%         N/A       28%         3
 Volatile Blastmotes      Fire/Tloc      14%        2d11      28%         3
 Flame Wave               Conj/Fire      10%        2d6       56%         4


Dungeon Overview and Level Annotations

Branches:
Dungeon (1/15)

Altars:


Innate Abilities, Weirdness & Mutations

Your serpentine skin is tough. (AC +1)
You have supernaturally acute eyesight. (SInv)
Armour fits poorly on your strangely shaped body.
Your system is resistant to poisons. (rPois)
You cover ground very slowly.
You can spit poison.
You have a snake-like lower body.


Message History

The foxfire hits the adder.
You kill the adder!
The foxfire hits the ribbon worm.
The ribbon worm is lightly wounded.
Your magical contamination has completely faded away.
You have reached level 3!
Your experience leads to an increase in your attributes!
Increase (S)trength, (I)ntelligence, or (D)exterity?
You feel clever. x2; Your skin feels tougher.
Casting: Foxfire (safe; 7% risk of failure)
Confirm with . or Enter, or press ? or * to list all spells.
You conjure some foxfire!
The ribbon worm expels a string of sticky webbing.
The stream of webbing hits you but does no damage.
You are caught in a web!
The web tears apart.
The foxfire hits the ribbon worm.
The ribbon worm is lightly wounded.
The foxfire hits the ribbon worm.
The ribbon worm is moderately wounded.
The ribbon worm bites you. The ribbon worm barely misses you.
The ribbon worm attacks as it pursues you!
The ribbon worm closely misses you.
The ribbon worm attacks as it pursues you!
The ribbon worm closely misses you.
Casting: Foxfire (safe; 7% risk of failure)
Confirm with . or Enter, or press ? or * to list all spells.
You conjure some foxfire!
The ribbon worm bites you.
* * * LOW HITPOINT WARNING * * *
Your foxfire dissipates!
The foxfire hits the ribbon worm.
The ribbon worm is lightly wounded.
You hit the ribbon worm but do no damage.
The ribbon worm closely misses you.
You hit the ribbon worm but do no damage.
The ribbon worm bites you!
* * * LOW HITPOINT WARNING * * *
You hit the ribbon worm.
The ribbon worm is lightly wounded.
The ribbon worm bites you!
You die...

#.# #.# #.# #.#
#....###.####.### #.#
#........†...# #.#
.....###.##.#.#.# #.#
##. #.##.#.#.###.###
#.##...........^
#.######..##.###
#.#####.######........
#....@w.........##.#.#
....##########.##.#.###.
# #...#..## # #.......##
#...#....# #########.#
##


You could see a ribbon worm.

Vanquished Creatures
  3 adders (D:2)
  A ball python (D:1)
  A bat (D:2)
  A kobold (D:1)
6 creatures vanquished.

Vanquished Creatures (others)
  23 foxfires
23 creatures vanquished.

Grand Total: 29 creatures vanquished

Notes
Turn   | Place    | Note
-------+----------+-------------------------------------------
     0 | D:1      | LadyBoffin the Naga Fire Elementalist began the quest for
                  | the Orb.
     0 | D:1      | Reached XP level 1. HP: 15/15 MP: 3/3
   100 | D:1      | You fall into a shaft and drop 1 floor!
   123 | D:2      | Reached XP level 2. HP: 8/22 MP: 1/5
   305 | D:2      | Reached XP level 3. HP: 10/28 MP: 0/6
   325 | D:2      | Mangled by a ribbon worm

Illustrated notes

Levels and vault maps discovered:
D:1:      dpeg_arrival_snail, layout_basic, chequers_serial_rivers_large_b
D:2:      layout_loops_ring

Action                     || total
---------------------------++-------
  Melee: Unarmed           ||    19
   Cast: Foxfire           ||    16
 Armour: Robe              ||    28
  Dodge: Dodged            ||    26

Table legend: (Time is in decaauts)
 A = Elapsed time spent in this place.
 B = Non-inter-level travel time spent in this place.
 C = Inter-level travel time spent in this place.
 D = Time resting spent in this place.
 E = Time spent auto-exploring this place.
 F = Levels seen in this place.
 G = Mean time per level.
                   A        B        C        D        E       F      G
               +--------+--------+--------+--------+--------+-----+--------+
         Total |    386 |    386 |      0 |     40 |    243 |   2 |  193.0 |
       Dungeon |    386 |    386 |      0 |     40 |    243 |   2 |  193.0 |
               +--------+--------+--------+--------+--------+-----+--------+

Top non-repeatable levels by time:
     D:2: 257 daAuts
     D:1: 129 daAuts
